AoeStats
← CNZS_98T

Arabia

510599839Analyzed
1v1 RM · 17h ago on Oct 1, 2026· 40m 42s· 2 players
Game mode
Random Map
Map size
Tiny (2 player)
Population
200
Speed
Normal
Resources
Standard
Victory
Conquest
Starting age
Dark Age
Ending age
Imperial Age
RankedLock teamsTeams togetherTeam positionsShared explorationLock speedFull tech treeHidden civsTurbo modeCheats
Victory
Defeat
🇳🇱 Burmese · Netherlands
2541
+15
🇧🇪 Tupi · Belgium
2518
-15
Macluffy
8:25 Feudal Age
8:28 Loom
9:21 Double-Bit Axe
10:17 Horse Collar
19:52 Castle Age
18:18 Fletching
19:22 Gold Mining
20:38 Bodkin Arrow
21:08 Bow Saw
22:19 Padded Archer Armor
28:36 Ballistics
33:22 Imperial Age
33:27 Wheelbarrow
32:57 Town Watch
34:21 Bracer
35:31 Squires
37:26 Chemistry
35:50 Pikeman
38:22 Leather Archer Armor
39:18 Scale Mail Armor
CNZS_98T
6:29 Loom
9:17 Feudal Age
9:26 Man-at-Arms
10:36 Arson
11:58 Horse Collar
19:08 Castle Age
20:10 Wheelbarrow
20:08 Heavy Plow
21:52 Town Watch
22:57 Light Cavalry
26:04 Scale Barding Armor
26:50 Bloodlines
26:40 Husbandry
27:58 Chain Barding Armor
29:06 Gold Mining
29:32 Hand Cart
33:11 Imperial Age
31:07 Fletching
32:47 Manipur Cavalry
33:43 Forging
33:22 Hussar
35:12 Chemistry
35:23 Plate Barding Armor
35:26 Iron Casting
36:05 Ballistics
36:58 Conscription
38:43 Blast Furnace
38:14 Siege Engineers
39:45 Parthian Tactics
41:08 Padded Archer Armor
Connection lost

Rejoining the realm…

Still unreachable

The connection could not be restored.

Session expired

The server has moved on; the page needs a fresh start.